Map: [EWC] Goldenaura

Players

Serral

  • Race: Zerg Zerg
  • Spawn Location: 5:00

herO - Winner!

  • Race: Protoss Protoss
  • Spawn Location: 12:00

Event: Esports World Cup 2024

VOD

Have the link to the VOD?

Description

Time

  • Played on: Aug. 16, 2024, 12:49 p.m.
  • Length: 21:03

All games in this series

Show
View Real Time Build Order
Export as new Build Order

Serral Zerg 

Build Orders: Hatch First, Lurkers 

Get SALT Encoding   

  12  0:00  Drone  
  13  0:11  Overlord  
  13  0:16  Drone  
  14  0:30  Drone x2  
  16  0:47  Hatchery  
  15  0:51  Drone  
  15  0:54  Drone  
  17  0:57  Drone  
  18  1:07  Extractor  
  17  1:13  Spawning Pool  
  17  1:16  Drone  
  17  1:19  Drone  
  18  1:27  Drone  
  19  1:39  Drone  
  20  1:48  Overlord  
  20  1:59  Queen  
  20  2:00  Queen  
  20  2:01  Zergling x4  
  26  2:08  Metabolic Boost  
  26  2:10  Drone  
  26  2:11  Drone  
  28  2:21  Drone x2  
  30  2:34  Hatchery  
  30  2:35  Drone  
  30  2:37  Drone  
  30  2:43  Overlord  
  31  2:48  Queen  
  33  2:52  Drone  
  33  2:53  Drone  
  33  2:55  Drone  
  36  3:06  Queen, Overlord  
  36  3:12  Drone x3  
  41  3:14  Drone  
  41  3:15  Drone  
  43  3:24  Drone, Queen  
  46  3:30  Drone  
  46  3:31  Drone  
  48  3:36  Overlord  
  48  3:40  Overlord  
  48  3:45  Queen  
  49  3:53  Spore Crawler  
  49  3:54  Spore Crawler, Drone  
  48  3:56  Drone x6  
  48  3:58  Drone  
  48  4:02  Drone x2  
  57  4:07  Zergling x2  
  57  4:08  Overlord  
  58  4:10  Zergling x2  
  58  4:13  Overlord  
  58  4:14  Drone  
  60  4:17  Drone  
  60  4:18  Drone  
  60  4:20  Overlord  
  60  4:23  Zergling x2  
  63  4:28  Zergling x2  
  63  4:29  Zergling x2  
  63  4:30  Drone x3  
  67  4:31  Drone x2  
  67  4:35  Roach Warren  
  67  4:36  Drone x2  
  70  4:40  Zergling x2  
  70  4:41  Drone  
  70  4:43  Drone  
  73  4:49  Drone x3  
  73  4:52  Drone  
  76  4:54  Drone  
  76  4:57  Drone  
  76  4:59  Overlord, Extractor, Lair  
  77  5:00  Drone, Extractor  
  77  5:01  Drone  
  77  5:04  Drone x3  
  77  5:06  Overlord  
  77  5:07  Drone  
  82  5:11  Spore Crawler, Overlord, Extractor  
  82  5:12  Evolution Chamber  
  79  5:18  Drone x3  
  81  5:21  Roach  
  81  5:22  Roach x2  
  87  5:29  Hatchery  
  87  5:34  Extractor  
  85  5:36  Roach x3  
  85  5:38  Drone x2, Extractor  
  85  5:41  Zerg Missile Weapons Level 1  
  92  5:44  Zergling x12, Roach x2  
  92  5:48  Overlord  
  102  5:50  Overlord  
  102  5:52  Ravager  
  102  5:56  Overlord  
  102  6:04  Zergling x6  
  102  6:05  Spire  
  102  6:09  Roach x2  
  108  6:12  Roach  
  108  6:13  Zergling x6, Roach x2  
  108  6:16  Drone x3  
  120  6:21  Overlord  
  120  6:23  Glial Reconstitution, Roach x2  
  121  6:35  Ravager  
  121  6:36  Ravager  
  121  6:37  Roach x3  
  128  6:45  Zergling x14  
  134  6:48  Overlord  
  134  6:53  Zergling x8  
  135  6:57  Roach x2  
  135  7:01  Roach  
  135  7:02  Roach x2  
  135  7:06  Overlord x2  
  135  7:08  Roach x2  
  144  7:12  Ravager  
  144  7:13  Queen x2  
  148  7:17  Roach x5  
  148  7:18  Zergling x2  
  156  7:24  Mutalisk x2  
  156  7:25  Mutalisk x2  
  164  7:33  Drone  
  164  7:35  Zergling x6, Baneling Nest  
  164  7:36  Zerg Melee Weapons Level 1  
  167  7:43  Drone x8  
  174  7:48  Mutalisk x2  
  174  7:51  Drone  
  176  7:58  Mutalisk x2  
  170  8:00  Drone x2  
  170  8:02  Overlord  
  170  8:03  Overlord  
  170  8:04  Overlord  
  173  8:07  Overlord  
  173  8:14  Drone x3  
  176  8:21  Centrifugal Hooks  
  176  8:22  Drone x2  
  176  8:23  Drone x2, Infestation Pit  
  176  8:25  Extractor  
  178  8:28  Evolution Chamber  
  178  8:29  Hydralisk Den  
  178  8:30  Drone x2  
  178  8:31  Drone x3  
  178  8:32  Extractor  
  180  8:35  Zergling x20  
  187  8:53  Zergling x2  
  187  8:54  Zergling x20  
  198  8:55  Zerg Missile Weapons Level 2  
  198  8:59  Hive  
  198  9:00  Muscular Augments  
  198  9:01  Lurker Den  
  197  9:10  Overseer  
  197  9:18  Zergling x4  
  197  9:21  Hatchery x2  
  193  9:33  Zerg Melee Weapons Level 2  
  193  9:36  Hydralisk x4  
  199  9:52  Spore Crawler  
  198  9:55  Spore Crawler  
  197  10:00  Hydralisk  
  197  10:04  Grooved Spines  
  197  10:06  Lurker x3  
  197  10:14  Seismic Spines, Adrenal Glands  
  197  10:15  Spine Crawler, Spore Crawler  
  193  10:22  Spine Crawler  
  186  10:31  Hydralisk x7  
  194  10:37  Drone x4  
  194  10:38  Drone x4  
  198  10:44  Drone x2  
  198  10:48  Extractor  
  192  10:50  Drone x2  
  192  10:52  Extractor  
  192  10:53  Greater Spire  
  192  10:56  Lurker x3  
  192  10:58  Lurker x6  
  192  11:03  Drone x2  
  199  11:09  Spine Crawler, Drone  
  198  11:11  Adaptive Talons  
  198  11:17  Hatchery  
  185  11:27  Drone x3  
  185  11:29  Spine Crawler  
  185  11:32  Zergling x22  
  198  11:34  Zerg Ground Armor Level 1  
  198  11:36  Overseer  
  197  11:45  Drone x2  
  198  11:50  Extractor  
  198  11:51  Extractor  
  195  11:59  Zergling x22  
  198  12:06  Zerg Flyer Armor Level 1  
  198  12:07  Zerg Melee Weapons Level 3  
  193  12:21  Spore Crawler, Drone x3  
  194  12:24  Infestor x2  
  198  12:34  Overseer  
  198  12:37  Nydus Network  
  198  12:43  Hydralisk x2  
  199  12:52  Overlord x3  
  199  12:53  Spore Crawler  
  199  12:54  Spore Crawler x2  
  196  13:03  Zergling x8  
  196  13:04  Hatchery  
  195  13:15  Corruptor x4  
  195  13:19  Pneumatized Carapace  
  199  13:31  Zerg Ground Armor Level 2  
  199  13:32  Spore Crawler  
  199  13:33  Spore Crawler, Overlord  
  195  13:48  Drone x3  
  195  13:49  Spine Crawler  
  195  13:50  Spine Crawler  
  195  13:51  Spine Crawler  
  195  13:52  Nydus Canal  
  194  13:56  Lurker  
  194  14:00  Zerg Flyer Weapons Level 1, Lurker  
  194  14:01  Queen x4  
  190  14:11  Nydus Canal  
  190  14:14  Viper x2  
  190  14:15  Corruptor  
  183  14:30  Corruptor x7  
  172  14:32  Drone x10  
  178  14:38  Spore Crawler  
  178  14:42  Spore Crawler  
  170  14:46  Brood Lord x5  
  170  14:50  Corruptor, Nydus Canal  
  170  14:51  Corruptor x3  
  179  15:13  Corruptor x7  
  193  15:23  Corruptor x2  
  193  15:28  Drone x4  
  180  15:45  Corruptor x10  
  192  15:50  Overseer x2  
  181  16:05  Hatchery, Brood Lord x2  
  181  16:07  Viper x2  
  184  16:19  Brood Lord  
  184  16:20  Brood Lord  
  159  16:43  Corruptor x5  
  133  16:47  Corruptor  
  133  16:51  Corruptor  
  124  16:58  Corruptor x2  
  120  17:06  Corruptor  
  122  17:22  Drone x4  
  126  17:26  Hydralisk x2, Extractor  
  127  17:32  Overseer  
  127  17:38  Hydralisk x2  
  127  17:43  Brood Lord  
  133  17:48  Overlord  
  133  17:54  Lurker x2  
  134  18:08  Lurker x2, Hydralisk x4  
  134  18:11  Drone  
  145  18:22  Corruptor x2  
  149  18:33  Infestor x3  
  149  18:34  Infestor  
  155  18:37  Burrow  
  157  18:44  Lurker x4  
  157  18:48  Overseer  
  161  19:00  Neural Parasite  
  161  19:02  Corruptor  
  161  19:09  Corruptor  
  165  19:12  Overlord  
  165  19:16  Overlord  
  165  19:27  Corruptor  
  167  19:38  Infestor x3  
  169  19:49  Corruptor x2  
  163  20:04  Corruptor  
  133  20:16  Corruptor  
  131  20:27  Hatchery  
  127  20:29  Overseer  
  127  20:31  Zergling x2  
  127  20:32  Zergling x6  
Show
View Real Time Build Order
Export as new Build Order

herO Protoss - Winner!

Build Orders: 1 Gate Expand, Oracle Opening, Carriers 

Get SALT Encoding   

  12  0:00  Probe  
  13  0:12  Probe  
  14  0:17  Pylon  
  14  0:24  Probe (Chrono Boost)  
  14  0:28  Assimilator  
  15  0:36  Probe (Chrono Boost)  
  16  0:44  Probe (Chrono Boost)  
  16  0:48  Gateway  
  17  0:50  Probe  
  18  1:03  Probe  
  19  1:15  Probe  
  20  1:23  Nexus  
  20  1:35  Cybernetics Core  
  20  1:37  Probe  
  21  1:44  Assimilator  
  21  1:49  Probe  
  21  1:52  Pylon  
  22  2:01  Probe  
  23  2:11  Stargate  
  23  2:12  Adept  
  25  2:15  Probe (Chrono Boost)  
  25  2:18  Warp Gate  
  26  2:26  Probe (Chrono Boost)  
  27  2:33  Probe (Chrono Boost)  
  27  2:35  Probe (Chrono Boost)  
  33  2:44  Probe (Chrono Boost)  
  33  2:46  Probe (Chrono Boost)  
  33  2:50  Probe (Chrono Boost)  
  33  2:54  Probe  
  33  2:58  Void Ray (Chrono Boost)  
  37  3:04  Probe (Chrono Boost)  
  37  3:05  Pylon  
  38  3:08  Probe (Chrono Boost)  
  39  3:17  Probe (Chrono Boost)  
  41  3:23  Probe (Chrono Boost)  
  41  3:24  Probe (Chrono Boost)  
  42  3:28  Oracle  
  42  3:30  Probe  
  42  3:31  Probe  
  47  3:44  Pylon  
  47  3:46  Nexus  
  47  3:47  Probe x2  
  49  3:55  Assimilator x2  
  49  3:56  Twilight Council  
  49  4:01  Probe  
  49  4:02  Probe  
  51  4:05  Forge  
  51  4:08  Gateway  
  51  4:11  Adept  
  51  4:14  Probe  
  51  4:15  Probe  
  55  4:23  Blink  
  55  4:27  Probe (Chrono Boost)  
  55  4:28  Probe (Chrono Boost)  
  57  4:31  Pylon  
  57  4:34  Protoss Ground Weapons Level 1 (Chrono Boost)  
  59  4:39  Probe (Chrono Boost)  
  59  4:40  Robotics Facility, Probe (Chrono Boost)  
  59  4:45  Probe x2 (Chrono Boost)  
  59  4:46  Gateway  
  61  4:56  Oracle  
  61  4:57  Probe (Chrono Boost)  
  61  4:58  Probe x2 (Chrono Boost)  
  70  5:07  Probe (Chrono Boost)  
  70  5:08  Stalker x2  
  70  5:09  Probe x2 (Chrono Boost)  
  70  5:12  Probe  
  74  5:18  Pylon, Probe x2  
  77  5:23  Gateway  
  77  5:24  Gateway  
  77  5:26  Probe  
  78  5:33  Stalker x2  
  78  5:35  Warp Prism (Chrono Boost)  
  84  5:40  Gateway  
  84  5:48  Gateway  
  84  5:49  Gateway  
  84  5:52  Stalker  
  86  5:57  Stalker x2  
  86  6:03  Observer (Chrono Boost), Pylon  
  86  6:04  Pylon  
  90  6:06  Pylon  
  91  6:11  Pylon  
  91  6:22  Stalker x5  
  101  6:36  Probe x3  
  102  6:44  Stalker x2  
  102  6:46  Stalker x6  
  118  6:49  Pylon  
  118  7:04  Pylon  
  118  7:10  Probe x3  
  118  7:11  Protoss Ground Weapons Level 2 (Chrono Boost)  
  118  7:12  Assimilator x2  
  121  7:22  Probe x2  
  123  7:23  Probe  
  123  7:27  Templar Archives  
  123  7:28  Shield Battery  
  123  7:29  Charge, Photon Cannon  
  124  7:33  Zealot, Pylon, Immortal (Chrono Boost)  
  124  7:34  Zealot x3  
  136  7:39  Probe  
  137  7:51  Pylon  
  137  7:57  Zealot x4  
  137  7:58  Zealot x3  
  149  7:59  Pylon  
  149  8:03  Photon Cannon  
  149  8:05  Photon Cannon  
  149  8:08  Phoenix (Chrono Boost)  
  149  8:10  Photon Cannon  
  149  8:15  High Templar  
  149  8:18  High Templar x3  
  157  8:21  Pylon  
  157  8:26  Phoenix, Psionic Storm  
  159  8:28  Nexus  
  159  8:30  Photon Cannon  
  159  8:31  Shield Battery  
  159  8:43  Probe  
  159  8:44  Probe x2  
  159  8:45  Archon x2  
  159  8:51  Phoenix  
  159  8:52  High Templar x2  
  159  8:55  Observer  
  161  8:56  Photon Cannon  
  161  8:58  Probe x3, Photon Cannon  
  161  9:00  Pylon  
  164  9:06  Photon Cannon  
  164  9:10  Photon Cannon  
  164  9:17  Probe x2  
  164  9:18  Probe  
  164  9:23  Observer  
  167  9:24  High Templar  
  167  9:25  Zealot x5, High Templar  
  167  9:30  Assimilator  
  181  9:35  Assimilator  
  181  9:36  Probe x2  
  181  9:37  Protoss Ground Weapons Level 3 (Chrono Boost)  
  181  9:40  Probe  
  181  9:42  Immortal (Chrono Boost)  
  185  9:47  Probe  
  185  9:48  Probe, High Templar  
  189  9:58  Photon Cannon  
  189  9:59  Photon Cannon  
  189  10:00  Pylon  
  187  10:07  Fleet Beacon  
  187  10:08  Stargate  
  179  10:15  Stargate  
  179  10:20  Immortal  
  181  10:24  Probe  
  181  10:25  Probe x3  
  183  10:31  Shield Battery  
  183  10:32  Pylon  
  183  10:34  Stalker x2  
  187  10:41  Zealot x5  
  197  10:45  Pylon  
  197  10:53  Cybernetics Core  
  195  10:57  Protoss Air Weapons Level 1 (Chrono Boost)  
  195  10:59  Observer, Probe x3  
  195  11:04  Pylon  
  199  11:11  Nexus, Pylon  
  199  11:18  Immortal  
  193  11:27  High Templar x2  
  193  11:28  High Templar  
  193  11:30  Pylon x2  
  199  11:35  Photon Cannon  
  199  11:37  Photon Cannon  
  199  11:39  Photon Cannon  
  199  11:46  Photon Cannon  
  199  11:47  Shield Battery  
  197  11:55  Protoss Air Armor Level 1 (Chrono Boost)  
  197  12:00  Observer, Dark Shrine  
  161  12:23  Carrier x3 (Chrono Boost)  
  161  12:29  Mothership (Chrono Boost)  
  179  12:33  Photon Cannon  
  179  12:34  Photon Cannon  
  179  12:36  Photon Cannon  
  179  12:37  Shield Battery  
  179  12:40  Assimilator  
  179  12:43  Immortal  
  179  12:44  Assimilator  
  183  12:45  Photon Cannon  
  183  12:46  Protoss Shields Level 1 (Chrono Boost)  
  165  13:16  Carrier x3 (Chrono Boost)  
  179  13:30  Nexus  
  179  13:33  Pylon  
  179  13:35  Protoss Air Weapons Level 2 (Chrono Boost)  
  179  13:36  Assimilator  
  179  13:38  Pylon, Photon Cannon  
  179  13:39  Assimilator  
  176  13:52  Photon Cannon  
  176  14:04  Carrier x2  
  186  14:10  Stalker x4  
  194  14:21  Zealot  
  194  14:22  Zealot x2  
  188  14:35  Dark Templar x2  
  188  14:37  Protoss Air Armor Level 2 (Chrono Boost)  
  190  14:41  Shield Battery  
  190  14:43  Photon Cannon  
  190  14:45  Observer  
  187  14:46  Stalker  
  187  14:48  Stalker  
  187  14:52  Zealot  
  193  14:59  Archon  
  189  15:09  Observer  
  191  15:16  Probe  
  191  15:17  Probe x2  
  191  15:18  Oracle (Chrono Boost)  
  191  15:21  Shield Battery  
  194  15:23  Tempest (Chrono Boost)  
  181  15:57  Stalker x8  
  191  16:20  Protoss Air Weapons Level 3 (Chrono Boost)  
  183  16:30  Stalker x8  
  146  16:47  Carrier x2 (Chrono Boost)  
  141  16:59  Carrier (Chrono Boost)  
  135  17:05  Stalker x8  
  135  17:08  Pylon  
  161  17:15  Mothership (Chrono Boost)  
  161  17:16  Immortal (Chrono Boost)  
  165  17:39  Shield Battery, High Templar x3  
  165  17:40  High Templar x2  
  165  17:41  Tempest (Chrono Boost)  
  165  17:42  Tempest (Chrono Boost)  
  185  17:44  Dark Templar  
  185  17:46  Protoss Shields Level 2 (Chrono Boost)  
  185  17:47  Tempest  
  190  18:09  Nexus  
  190  18:12  Pylon  
  190  18:13  Protoss Air Armor Level 3  
  190  18:36  Tempest (Chrono Boost)  
  200  18:47  Shield Battery, Photon Cannon x3  
  200  18:54  Oracle (Chrono Boost)  
  198  19:05  Dark Templar  
  200  19:16  Nexus  
  200  19:17  Archon  
  200  19:18  Pylon  
  200  19:21  Stalker x2  
  200  19:25  Stalker x2  
  200  19:37  Pylon  
  200  19:39  Photon Cannon  
  200  19:40  Photon Cannon  
  200  19:41  Photon Cannon  
  200  19:43  Photon Cannon  
  200  19:45  Photon Cannon  
  200  19:47  Shield Battery  
  200  19:48  Shield Battery  
  200  19:49  Shield Battery  
  200  19:50  Pylon  
  196  20:03  Carrier (Chrono Boost)  
  196  20:04  Carrier (Chrono Boost)  
  165  20:22  Probe x5  
  165  20:23  Probe  
  165  20:28  High Templar x2  
  165  20:29  Zealot x4, High Templar x2  
  165  20:34  Archon x2  
Tags
 
Add a new tag
Caveats
  • Supply blocks, unpowered buildings, or Contaminate may cause inaccurate times.
  • Supply counts are checked every 10 seconds.